 Dungeon Crawl Stone Soup version 0.26-a0-670-g578ab304f5 (webtiles) character file.

Game seed: 6266398784758257484

59923 Chiseanne the Covert (level 14, -4/65 HPs)
             Began as a Spriggan Delver on Oct 19, 2020.
             Was an Initiate of Gozag.
             Slain by an eight-headed hydra simulacrum (6 damage)
             ... on level 4 of the Swamp.
             The game lasted 01:36:48 (14432 turns).

Chiseanne the Covert (Spriggan Delver)             Turns: 14432, Time: 01:36:49

Health: -4/65      AC:  8    Str: 10    XL:     14   Next: 55%
Magic:  29/29      EV: 32    Int: 11    God:    Gozag
Gold:   897        SH: 14    Dex: 21    Spells: 24/33 levels left

rFire    + . .     SeeInvis +   a - +7 dagger (elec)
rCold    . . .     Faith    .   h - +0 buckler "Zaigauz" {rN+} (curse)
rNeg     + . .     Spirit   .   I - +2 robe {rC+ rF+}
rPois    +         Reflect  +   (helmet restricted)
rElec    +         Harm     .   g - scarf {repulsion}
rCorr    .         Rampage  .   (gloves unavailable)
MR       ++...                  (boots unavailable)
Stlth    +++++++...             p - amulet of the Robin {Reflect rElec rPois rC- SH+5}
HPRegen  0.20/turn              d - ring of stealth
MPRegen  0.21/turn              R - +4 ring of protection

@: gold aura, repel missiles, very quick
A: very small, unfitting armour, see invisible, speed 3
a: Potion Petition, Call Merchant, Bribe Branch, Renounce Religion


You were on level 4 of the Swamp.
You worshipped Gozag.
Gozag was pleased with you.
You visited 4 branches of the dungeon, and saw 17 of its levels.

You collected 4718 gold pieces.
You spent 1837 gold pieces at shops.
You paid 1984 gold pieces to Gozag.

Inventory:

Hand Weapons
 a - a +7 dagger of electrocution (weapon)
 s - a +1 dagger of venom
 w - a +0 vorpal hunting sling
 N - the +7 hand axe of Holakk {vorpal, rPois, unknown}
   (You found it on level 1 of the Lair of Beasts)

   It inflicts extra damage upon your enemies.
   It protects you from poison.
Missiles
 j - 43 poisoned darts (quivered)
 r - 113 bolts
 A - 101 sling bullets
 E - 5 boomerangs
 G - 5 curare-tipped darts
Armour
 g - a scarf of repulsion (worn)
 h - the cursed +0 buckler "Zaigauz" (worn) {rN+}
   (You bought it in a shop on level 9 of the Dungeon)

   It protects you from negative energy.
   It has a curse placed upon it.
 x - +1 acid dragon scales
 I - a +2 robe of resistance (worn)
Jewellery
 d - a ring of stealth (left hand)
 p - the amulet of the Robin (around neck) {Reflect rElec rPois rC- SH+5}
   (You bought it in a shop on level 9 of the Dungeon)

   [amulet of reflection]

   It shields you and reflects attacks.
   It makes you vulnerable to cold.
   It insulates you from electricity.
   It protects you from poison.
   It affects your SH (+5).
 D - an uncursed ring of protection from cold {unknown}
 R - a +4 ring of protection (right hand)
 T - an uncursed amulet of regeneration {unknown}
Wands
 u - a wand of flame (17)
 B - a wand of random effects (14)
 F - a wand of polymorph (7)
 K - a wand of acid (2)
Scrolls
 c - 4 scrolls of fog
 e - a scroll of fear
 i - 3 scrolls of teleportation
 k - a scroll of blinking
 y - 5 scrolls of amnesia
 z - 5 scrolls of remove curse
 L - a scroll of brand weapon
 S - a scroll of enchant armour
Potions
 f - 3 potions of haste
 l - a potion of magic {unknown}
 m - a potion of berserk rage {unknown}
 n - 4 potions of stabbing
 o - a potion of ambrosia {unknown}
 q - a potion of lignification {unknown}
 t - 4 potions of curing
 v - 4 potions of heal wounds
 C - a potion of resistance {unknown}
 H - 2 potions of degeneration {unknown}
 J - 3 potions of invisibility
 M - a potion of flight {unknown}
 O - a potion of might {unknown}
 Q - 4 potions of mutation {unknown}
Miscellaneous
 b - a condenser vane (2/2)
 P - a tin of tremorstones (3/3)


   Skills:
 * Level 3.3 Fighting
 - Level 10.0 Short Blades
 - Level 7.5 Armour
 - Level 14.6 Dodging
 - Level 14.8 Stealth
 - Level 9.0 Shields
 - Level 10.0 Spellcasting
 * Level 6.7 Conjurations
 * Level 7.4 Hexes


You had 24 spell levels left.
You knew the following spells:

 Your Spells              Type           Power        Failure   Level
a - Searing Ray           Conj           ###...       1%          2
b - Dazzling Flash        Conj/Hex       ###...       2%          3
c - Fulminant Prism       Conj/Hex       ###.......   7%          4

Your spell library contained the following spells:

 Spells                   Type           Power        Failure   Level
 Magic Dart               Conj           ###.         1%          1
 Conjure Flame            Conj/Fire      ##......     10%         3
 Freeze                   Ice            #...         13%         1
 Mephitic Cloud           Conj/Pois/Air  ##......     16%         3
 Poisonous Vapours        Pois/Air       #.....       19%         2
 Hailstorm                Conj/Ice       ##......     32%         4
 Iskenderun's Mystic Bla  Conj/Tloc      ##......     32%         4
 Frozen Ramparts          Ice            #.....       36%         3
 Ozocubu's Armour         Ice            #.......     36%         3
 Summon Ice Beast         Ice/Summ       #.......     77%         4
 Freezing Cloud           Conj/Ice/Air   ##........   100%        6


Dungeon Overview and Level Annotations

Branches:
Dungeon (9/15)             Temple (1/1) D:4            Lair (6/6) D:9
  Swamp (4/4) Lair:4       Spider (0/4) Lair:2        Slime (0/5) Lair:6
    Orc: D:9-12

Altars:
Cheibriados
Dithmenos
Gozag
Makhleb
Nemelex Xobeh
Okawaru
Sif Muna
Trog
Uskayaw
Vehumet
Yredelemnul
Jiyva

Shops:
D:9 [=[

Annotations:
Lair:1 exclusion: 2 oklob plants
Swamp:3 exclusion: downstairs


Innate Abilities, Weirdness & Mutations

You are very small and have problems with some larger weapons.
You are too small for most types of armour.
You have supernaturally acute eyesight. (SInv)
You cover ground extremely quickly.


Message History

The helpless seven-headed hydra simulacrum fails to defend itself.
You perforate the seven-headed hydra simulacrum like a sieve!!!!!
The seven-headed hydra simulacrum vapourises!
The ice dragon roars deafeningly!
You hear a deafening roar! 4 simulacra come into view.
The ice dragon is engulfed in freezing vapours.
Found a shiny scale mail.
An ice dragon and 2 simulacra come into view.
The eight-headed hydra simulacrum becomes distracted by the nearby gold, dreaming of imaginary riches.
The five-headed hydra simulacrum moves out of view.
An ice dragon comes into view.
The ice dragon is engulfed in freezing vapours.
You block the eight-headed hydra simulacrum's attack.
The eight-headed hydra simulacrum bites you!
The eight-headed hydra simulacrum freezes you!!
* * * LOW HITPOINT WARNING * * *
The eight-headed hydra simulacrum barely misses you.
The eight-headed hydra simulacrum bites you.
You die...
Your body crumbles into a pile of gold.

**************
**≈≈≈D#≈,≈≈≈≈≈###
*≈,≈≈≈≈###≈°..≈≈##
*≈≈,,Z≈D≈°≈°≈≈Z≈≈#
**≈≈≈..°≈°○D°ZZ.≈#
**≈≈≈≈Z.Z○○°°≈[≈#
**≈≈°°°..°≈≈.≈≈#
**#§≈≈°°.°Z.≈#*
********#☼○○≈@Z≈#*
**≈≈≈≈***######.♣#
***≈≈≈≈≈≈≈** #.○##
,**≈≈,≈≈≈≈≈** ##..##
,*≈,,,,,≈≈≈≈** ##..#
.≈,,,≈,,,≈≈≈≈* #ZZ#
..≈,,^,,,,≈≈** #..#
.≈≈,≈,,,,≈≈** #♣..#
≈≈≈≈≈≈≈.♣********#.§##


You could see 3 ice dragons, 2 eight-headed hydra simulacra, 3 seven-headed
hydra simulacra, a six-headed hydra simulacrum, 3 five-headed hydra simulacra
and a four-headed hydra simulacrum (wandering).

Vanquished Creatures
  Kirke (Lair:5)
  Snorg (Lair:5)
  10 hydras
  Erolcha (D:9)
  An ice dragon (Lair:6)
  An alligator (Swamp:3)
  Urug (Lair:6)
  Sonja (Lair:5)
  Nergalle (Lair:1)
  A spriggan (Swamp:1)
  2 swamp dragons
  A lindwurm (Lair:6)
  Pikel (D:8)
  A wolf spider (Lair:6)
  9 elephants (Lair:6)
  A guardian serpent (Lair:6)
  14 black mambas
  23 cane toads
  5 torpor snails (Lair:6)
  A rime drake (Lair:6)
  8 komodo dragons
  Maggie (D:7)
  2 freezing wraiths (Swamp:4)
  4 polar bears
  9 hornets
  3 bog bodies
  9 tyrant leeches
  Prince Ribbit (D:5)
  5 dream sheep (Lair:6)
  9 blink frogs
  3 slime creatures
  5 redbacks
  13 wyverns
  25 yaks
  Grum (D:9)
  A steam dragon (Lair:2)
  3 swamp worm simulacra (Swamp:4)
  6 basilisks
  2 swamp worms
  27 water moccasins
  3 hydra simulacra (Swamp:4)
  4 swamp drakes
  A sky beast (D:9)
  2 orc warriors
  3 ice beasts
  A black bear (D:9)
  3 phantoms
  2 centaurs (D:7)
  10 wolves
  3 ogres
  A lemure (D:8)
  2 big kobolds
  17 bullfrogs
  A gnoll sergeant (D:9)
  A wyvern zombie (D:7)
  A scorpion (D:9)
  3 killer bees (D:8)
  8 wights
  3 electric eels (Lair:2)
  3 hounds
  A quasit (D:8)
  2 jellies (D:7)
  5 orc wizards
  2 centaur skeletons
  6 orc priests
  5 iguanas
  8 worker ants
  7 hell rats (Lair:3)
  A hound zombie (D:8)
  3 gnolls (D:9)
  3 adders
  2 white imps (D:7)
  2 ufetubi
  An ooze (D:5)
  A swamp drake simulacrum (Swamp:4)
  3 leopard geckos
  33 orcs
  2 giant cockroaches
  4 jackals (D:4)
  2 quokkas
  3 frilled lizards
  A goblin (D:7)
  26 kobolds
  3 butterflies (Lair:6)
412 creatures vanquished.

Vanquished Creatures (others)
  A swamp worm (Swamp:4)
  58 fungi
  153 plants
212 creatures vanquished.

Grand Total: 624 creatures vanquished

Notes
Turn   | Place    | Note
-------+----------+-------------------------------------------
     0 | D:5      | Chiseanne the Spriggan Delver began the quest for the Orb.
     0 | D:5      | Reached XP level 1. HP: 11/11 MP: 2/2
    30 | D:5      | Noticed a big kobold
   221 | D:6      | Noticed an ice beast
   224 | D:6      | Killed an ice beast
   224 | D:6      | Reached XP level 2. HP: 16/16 MP: 3/3
   224 | D:6      | Reached XP level 3. HP: 19/19 MP: 4/4
   224 | D:6      | Reached XP level 4. HP: 23/23 MP: 5/5
   240 | D:6      | Noticed a bullfrog
   246 | D:6      | Killed a bullfrog
   246 | D:6      | Reached skill level 5 in Dodging
   246 | D:6      | Reached XP level 5. HP: 27/27 MP: 6/6
   447 | D:6      | Noticed an ice beast
  1119 | D:6      | Reached XP level 6. HP: 25/32 MP: 7/7
  1184 | D:6      | Noticed a sky beast
  1360 | D:5      | Reached skill level 10 in Stealth
  1368 | D:5      | Reached XP level 7. HP: 35/35 MP: 8/8
  1883 | D:5      | Noticed Prince Ribbit
  1938 | D:5      | Killed Prince Ribbit
  1938 | D:5      | Reached skill level 5 in Short Blades
  1938 | D:5      | Reached XP level 8. HP: 39/39 MP: 9/9
  2288 | D:4      | Found a staircase to the Ecumenical Temple.
  2297 | Temple   | Entered the Ecumenical Temple
  2334 | Temple   | Became a worshipper of Gozag Ym Sagoz the Greedy
  2891 | D:7      | Noticed Maggie
  2905 | D:7      | Killed Maggie
  2905 | D:7      | Reached skill level 10 in Dodging
  3217 | D:7      | Found a radiant altar of Vehumet.
  3279 | D:7      | Reached XP level 9. HP: 36/43 MP: 10/10
  3407 | D:7      | Reached skill level 1 in Armour
  4142 | D:8      | Found a basalt altar of Yredelemnul.
  4175 | D:8      | Noticed Maurice
  4179 | D:8      | Noticed Maurice
  4179 | D:8      | Maurice changed into Maurice the ice beast
  4197 | D:8      | Killed Maurice the ice beast
  4508 | D:8      | Noticed Pikel
  4543 | D:8      | Killed Pikel
  4834 | D:9      | Noticed Erolcha
  4838 | D:9      | Killed Erolcha
  4838 | D:9      | Reached XP level 10. HP: 46/47 MP: 11/11
  4866 | D:9      | Found a hide-covered altar of Uskayaw.
  5028 | D:9      | Noticed Grum
  5057 | D:9      | Killed Grum
  5146 | D:9      | Reached skill level 1 in Shields
  5246 | D:9      | Found a staircase to the Lair.
  5254 | Lair:1   | Entered Level 1 of the Lair of Beasts
  5304 | Lair:1   | Noticed a cane toad
  5311 | Lair:1   | Killed a cane toad
  5344 | Lair:1   | Reached skill level 5 in Armour
  5461 | Lair:1   | Noticed a cane toad
  5469 | Lair:1   | Killed a cane toad
  5486 | Lair:1   | Got an iridescent hand axe
  5661 | Lair:1   | Noticed a cane toad
  5669 | Lair:1   | Killed a cane toad
  5686 | Lair:1   | Noticed an oklob plant
  5687 | Lair:1   | Noticed an oklob plant
  5972 | Lair:1   | Noticed Nergalle
  5977 | Lair:1   | Noticed a black mamba
  6006 | Lair:1   | Killed a black mamba
  6006 | Lair:1   | Reached XP level 11. HP: 51/51 MP: 12/12
  6008 | Lair:1   | Killed Nergalle
  6333 | Lair:2   | Found a hole to the Spider Nest.
  6388 | Lair:2   | Learned a level 2 spell: Searing Ray
  6451 | Lair:2   | Reached skill level 1 in Spellcasting
  7211 | Lair:3   | Noticed a four-headed hydra
  7218 | Lair:3   | Killed a four-headed hydra
  7218 | Lair:3   | Reached skill level 5 in Shields
  7898 | Lair:4   | Reached skill level 5 in Spellcasting
  7934 | Lair:4   | Reached XP level 12. HP: 28/56 MP: 20/20
  8387 | Lair:4   | Found a staircase to the Swamp.
  8469 | Lair:4   | Noticed a five-headed hydra
  8500 | Lair:4   | Killed a five-headed hydra
  8900 | D:9      | Bought the amulet of the Robin {Reflect rElec rPois rC-
                  | SH+5} for 741 gold pieces
  9148 | Lair:5   | Reached skill level 1 in Conjurations
  9155 | Lair:5   | Noticed Sonja
  9163 | Lair:5   | Killed Sonja
  9174 | Lair:5   | Noticed Kirke
  9205 | Lair:6   | Entered Level 6 of the Lair of Beasts
  9298 | Lair:6   | Noticed a six-headed hydra
  9442 | Lair:6   | Noticed Urug
  9515 | Lair:6   | Reached XP level 13. HP: 30/59 MP: 26/26
  9725 | Lair:6   | Killed Urug
 10127 | Lair:5   | Noticed Snorg
 10142 | Lair:5   | Killed Snorg
 10299 | Lair:6   | Reached skill level 10 in Short Blades
 10541 | Lair:6   | Reached skill level 10 in Spellcasting
 10708 | Lair:6   | Learned a level 3 spell: Dazzling Flash
 10765 | Lair:6   | Reached skill level 1 in Hexes
 10991 | Lair:6   | Reached skill level 5 in Conjurations
 11423 | Lair:6   | Found a runed translucent door.
 11709 | Lair:6   | Reached XP level 14. HP: 63/63 MP: 23/29
 11874 | Lair:6   | Found a viscous altar of Jiyva.
 11875 | Lair:6   | Found a staircase to the Slime Pits.
 12229 | Lair:5   | Killed Kirke
 12229 | Lair:5   | Reached skill level 5 in Hexes
 12549 | D:9      | Bought a scarf of repulsion for 180 gold pieces
 12606 | D:9      | Bought a distressingly furry buckler for 351 gold pieces
 12616 | D:9      | Identified the cursed +0 buckler "Zaigauz" {rN+} (You
                  | bought it in a shop on level 9 of the Dungeon)
 12627 | D:9      | Bought a +2 robe of resistance for 565 gold pieces
 12721 | Swamp:1  | Entered Level 1 of the Swamp
 13133 | Lair:4   | Learned a level 4 spell: Fulminant Prism
 13923 | Swamp:4  | Entered Level 4 of the Swamp
 14432 | Swamp:4  | HP: 2/65 [eight-headed hydra simulacrum (24)]
 14432 | Swamp:4  | Slain by an eight-headed hydra simulacrum

Illustrated notes

Levels and vault maps discovered:
D:4:      layout_basic, minmay_temple_entry_waves
D:5:      kennysheep_kobold_camp, layout_basic, uniq_prince_ribbit1
D:6:      layout_loops_cross
D:7:      nicolae_whirlpool, layout_cave_pools, vehumet_altar_wand_db,
          nicolae_ossuary_entry_ruins, uniq_maggie
D:8:      layout_rooms, kennysheep_mini_moat, yredelemnul_altar_generic,
          minmay_ruffians, uniq_maurice, uniq_pikel
D:9:      layout_loops_ring, lemuel_doored_altar,
          grunt_lair_entry_orc_guard_hut, uniq_grum, uniq_erolcha
Temple:   minmay_crystal_spiral_temple
Lair:1:   layout_concentric_octagons, st_stairs_4, minmay_lair_oklob_chamber,
          uniq_nergalle
Lair:2:   layout_layer_cave, spider_nest_entry_webs, serial_bayou_shore_a
Lair:3:   layout_loops_ring
Lair:4:   layout_small_grid, swamp_mist, kennysheep_basilisk_garden,
          grunt_megastairs_2
Lair:5:   layout_cave_pods, uniq_sonja, uniq_kirke, uniq_snorg
Lair:6:   wormcave, layout_regular_city, hangedman_lair_tendril_chambers,
          dpeg_slime_entry_enclosed_altar, lemuel_fruit_fields,
          infiniplex_staircase_pool, uniq_urug
Swamp:1:  layout_falls_marsh, nicolae_swamp_round_clearing
Swamp:2:  layout_basic_swamp, hangedman_swamp_diagram
Swamp:3:  layout_falls_marsh, hangedman_swamp_cone, swamp_pool1,
          nicolae_swamp_orc_logging_accident, uniq_bai_suzhen, uniq_jorgrun,
          uniq_donald
Swamp:4:  swamp_icy, layout_basic_swamp

Skill      XL: |  1  2  3  4  5  6  7  8  9 10 11 12 13 14 |
---------------+-------------------------------------------+-----
Short Blades   | 3 4 5 6 9 10 | 10.0
Dodging        | 4 5 6 7 8 10 12 14 | 14.6
Stealth        | 8 9 10 11 12 14 | 14.8
Armour         | 3 5 7 |  7.5
Shields        | 3 5 6 8 9 |  9.0
Spellcasting   | 5 8 10 | 10.0
Conjurations   | 2 5 6 |  6.7
Hexes          | 4 7 |  7.4
Fighting       | 3 |  3.3

Action                   |  1- 3 |  4- 6 |  7- 9 | 10-12 | 13-15 || total
-------------------------+-------+-------+-------+-------+-------++-------
Melee: Dagger            |     8 |    42 |   430 |   718 |   567 ||  1765
Throw: Dart              |       |    31 |    34 |    46 |    36 ||   147
 Cast: Dazzling Flash    |       |       |       |       |    69 ||    69
       Searing Ray       |       |       |       |       |    26 ||    26
Invok: Call Merchant     |       |       |       |     1 |     2 ||     3
Evoke: Wand              |       |       |    23 |    38 |    14 ||    75
       Tin of tremorston |       |       |       |     3 |     2 ||     5
  Use: Scroll            |       |    10 |    10 |     6 |     8 ||    34
       Potion            |       |       |     1 |     1 |     2 ||     4
 Stab: Sleeping          |     1 |     2 |    29 |    30 |    23 ||    85
       Distracted        |       |     1 |     4 |     7 |     7 ||    19
       Paralysed         |       |       |     2 |       |       ||     2
       Invisible         |       |       |     1 |       |    37 ||    38
Armor: Robe              |     2 |     1 |    13 |       |       ||    16
       Acid dragon scale |       |       |    10 |    55 |    22 ||    87
Dodge: Dodged            |     2 |    29 |   319 |   440 |   316 ||  1106
       Repelled          |       |       |       |       |     3 ||     3
Block: Buckler           |       |       |       |   192 |   265 ||   457
       Reflection        |       |       |       |       |     4 ||     4

Table legend: (Time is in decaauts)
 A = Elapsed time spent in this place.
 B = Non-inter-level travel time spent in this place.
 C = Inter-level travel time spent in this place.
 D = Time resting spent in this place.
 E = Time spent auto-exploring this place.
 F = Levels seen in this place.
 G = Mean time per level.
                   A        B        C        D        E       F      G
               +--------+--------+--------+--------+--------+-----+--------+
         Total |  11043 |  10649 |    394 |   4070 |    350 |  17 |  649.6 |
       Dungeon |   3983 |   3905 |     78 |   1139 |    267 |   6 |  663.8 |
        Temple |     46 |     24 |     22 |      0 |     18 |   1 |   46.0 |
          Lair |   5847 |   5554 |    293 |   2444 |     30 |   6 |  974.5 |
         Swamp |   1165 |   1165 |      0 |    486 |     34 |   4 |  291.2 |
               +--------+--------+--------+--------+--------+-----+--------+

Top non-repeatable levels by time:
  Lair:6: 2020 daAuts
  Lair:4: 1206 daAuts
     D:6: 1188 daAuts
  Lair:1: 868 daAuts
     D:7: 771 daAuts
  Lair:2: 760 daAuts
     D:8: 647 daAuts
  Lair:3: 577 daAuts
 Swamp:3: 529 daAuts
     D:5: 502 daAuts
 Swamp:1: 473 daAuts
     D:9: 447 daAuts
     D:4: 427 daAuts
  Lair:5: 414 daAuts
 Swamp:4: 128 daAuts
